Quebec Nordiques vs New York Rangers
Created - Monday, June 2, 2025 at 08:49
Goals
|
| Quebec Nordiques |
1 |
1 |
0 |
2 |
| New York Rangers |
1 |
2 |
2 |
5 |
|
Shots
|
| Quebec Nordiques |
5 |
11 |
16 |
32 |
| New York Rangers |
13 |
8 |
10 |
31 |
|
1st period
1. Quebec Nordiques , Rickard Rakell 28 (Nikolaj Ehlers 26, Michael Anderson 13) at 13:51
2. New York Rangers , Timo Meier 28 (Cole Caufield 38, Dylan Strome 29) at 17:54
Penalties :
Brock Faber (QUE) for Interference (Minor) at 10:58, J.J. Moser (QUE) for Hooking (Minor) at 19:27
2nd period
3. New York Rangers , Cole Caufield 31 (Dylan Strome 30, Jake Walman 14) at 15:12
4. New York Rangers , Artemi Panarin 30 (Nathan MacKinnon 43, Matthew Benning 11) at 17:07
5. Quebec Nordiques , Marco Rossi 27 (Jonatan Berggren 15, Brock Faber 18) at 19:40
Penalties :
No Penalty
3rd period
6. New York Rangers , Nathan MacKinnon 28 (Artemi Panarin 36, Jake McCabe 21) at 3:01
7. New York Rangers , Nathan MacKinnon 29 (Cole Caufield 39, Artemi Panarin 37) at 14:47 (PP)
Penalties :
Conor Garland (NYR) for Tripping (Minor) at 8:03, Alex DeBrincat (QUE) for Hooking (Minor) at 14:29, Alexandre Carrier (QUE) for Delaying the game (Minor) at 16:39
Goalie Stats
Lukas Dostal (QUE), 26 saves from 31 shots - (0.839), L, 8-9-0, 60:00 minutes
Igor Shesterkin (NYR), 30 saves from 32 shots - (0.938), W, 30-23-7, 60:00 minutes
Players Stats for Quebec Nordiques
Player Name G A P +/- PIM S H SB GA TA FO MP PP MP PK MP
------------------------------------------------------------------------------------
Alex DeBrincat 0 0 0 -1 2 5 1 0 0 0 0/2 16:53 1:10 0:12
Alexandre Carrier 0 0 0 0 2 0 1 1 0 1 0/0 16:36 0:44 2:10
Anthony Mantha 0 0 0 -1 0 1 1 1 1 0 0/3 16:23 0:49 0:00
Brock Faber 0 1 1 0 2 2 2 2 0 1 0/0 24:51 1:15 2:08
Cole Perfetti 0 0 0 0 0 4 1 1 0 0 0/0 12:38 0:00 0:00
J.J. Moser 0 0 0 0 2 1 3 2 1 1 0/0 24:33 1:15 1:48
Jonas Siegenthaler 0 0 0 0 0 1 0 0 0 1 0/0 14:25 0:00 0:59
Jonatan Berggren 0 1 1 0 0 1 1 0 0 1 0/0 12:51 0:00 0:00
Jordan Greenway 0 0 0 0 0 3 0 0 1 0 0/0 11:21 0:00 3:29
Luke Kunin 0 0 0 0 0 2 0 0 0 0 0/0 10:11 0:00 2:34
Marco Rossi 1 0 1 0 0 2 3 1 1 1 6/18 13:40 0:49 0:00
Mark Giordano 0 0 0 -2 0 1 3 0 0 1 0/0 19:41 0:44 2:33
Matt Duchene 0 0 0 -1 0 2 0 0 2 0 9/16 17:12 1:10 0:12
Michael Anderson 0 1 1 -2 0 1 2 1 0 0 0/0 19:27 0:00 2:52
Michael McCarron 0 0 0 0 0 0 0 2 0 0 3/5 11:06 0:00 3:29
Nikolaj Ehlers 0 1 1 -1 0 2 2 0 0 2 0/1 16:39 0:49 0:00
Rickard Rakell 1 0 1 -1 0 2 2 0 0 0 0/1 17:00 1:10 0:00
Shane Pinto 0 0 0 -1 0 2 0 0 1 0 18/27 18:14 0:00 2:34
Players Stats for New York Rangers
Player Name G A P +/- PIM S H SB GA TA FO MP PP MP PK MP
------------------------------------------------------------------------------------
Adam Larsson 0 0 0 1 0 0 4 2 0 1 0/0 20:35 0:00 0:44
Artemi Panarin 1 2 3 1 0 3 1 1 2 0 0/2 20:28 4:20 0:00
Cam Fowler 0 0 0 0 0 2 0 1 0 2 0/0 23:21 4:20 0:00
Cole Caufield 1 2 3 2 0 6 3 0 0 0 0/2 19:10 3:46 0:00
Conor Garland 0 0 0 -1 2 2 1 0 2 0 0/0 14:56 2:29 0:00
David Kampf 0 0 0 0 0 2 0 1 0 0 1/5 9:04 0:00 0:59
Dylan Strome 0 2 2 2 0 3 1 1 0 1 10/19 17:59 2:29 0:00
Jake McCabe 0 1 1 1 0 0 4 3 0 0 0/0 20:41 0:00 0:44
Jake Walman 0 1 1 0 0 2 1 3 0 0 0/0 21:25 1:55 1:15
John Marino 0 0 0 1 0 0 0 0 0 2 0/0 13:38 0:00 1:15
Marcus Foligno 0 0 0 0 0 0 0 1 0 0 0/0 9:14 0:00 1:00
Matthew Benning 0 1 1 1 0 3 0 0 0 0 0/0 12:23 0:00 0:00
Mikael Granlund 0 0 0 1 0 2 4 0 0 0 11/21 19:37 2:29 1:00
Nathan MacKinnon 2 1 3 1 0 3 2 1 2 1 3/8 19:27 3:46 0:00
Sean Couturier 0 0 0 -1 0 0 1 0 2 0 10/11 12:36 0:00 0:00
Teuvo Teravainen 0 0 0 -1 0 1 2 1 0 0 1/1 14:50 1:55 0:00
Timo Meier 1 0 1 2 0 2 2 0 1 0 1/2 19:31 3:46 0:00
Tyler Motte 0 0 0 0 0 0 0 0 0 0 0/2 9:05 0:00 0:59
3 Stars
1 - Nathan MacKinnon (NYR)
2 - Cole Caufield (NYR)
3 - Artemi Panarin (NYR)
Power Play
Quebec Nordiques - 0 on 1 Attempt(s) - 0.00%
New York Rangers - 1 on 4 Attempt(s) - 25.00%
Penalty Kill
Quebec Nordiques - 3 on 4 Attempt(s) - 75.00%
- Score 0 goal in Penalty Kill
New York Rangers - 1 on 1 Attempt(s) - 100.00%
- Score 0 goal in Penalty Kill
Team Stat
Quebec Nordiques - Hits : 22 - Faceoff Wins : 36 - Blocked Shots : 11 - Penalty Minutes : 8
New York Rangers - Hits : 26 - Faceoff Wins : 37 - Blocked Shots : 15 - Penalty Minutes : 2
Official
Referees : Eric Furlatt and Ian Walsh
Linesman : Steve Barton and Caleb Apperson
Game Notes
17:07 of 2nd period - New York Rangers goal is going for a video replay. After video review, Goal.
Finance
Level 1 -- Attendance: 5057 (84.28%) -- Ticket Income $515,814
Level 2 -- Attendance: 3400 (68.00%) -- Ticket Income $214,200
Level 3 -- Attendance: 2163 (72.10%) -- Ticket Income $88,683
Level 4 -- Attendance: 3400 (68.00%) -- Ticket Income $95,200
Luxury Box -- Attendance: 773 (77.30%) -- Ticket Income $150,735
Game was played at the Madison Square Garden.
Total Attendance: 14793 (73.97%)
Total Ticket Income: $1,064,632
Other Income: $372,621
Total Income: $1,437,253
Quebec Nordiques
5 vs 5 Forward
Center Left Wing Right Wing Time % Phy DF OF
1 Matt Duchene Nikolaj Ehlers Rickard Rakell 30 1 2 2
2 Shane Pinto Alex DeBrincat Anthony Mantha 30 1 2 2
3 Marco Rossi Cole Perfetti Jonatan Berggren 25 1 2 2
4 Michael McCarron Luke Kunin Jordan Greenway 15 1 2 2
5 vs 5 Defense
Defense Defense Time % Phy DF OF
1 Brock Faber J.J. Moser 30 1 2 2
2 Mark Giordano Michael Anderson 30 1 2 2
3 Alexandre Carrier Jonas Siegenthaler 25 1 2 2
4 Brock Faber J.J. Moser 15 1 2 2
PowerPlay Forward
Center Left Wing Right Wing Time % Phy DF OF
1 Matt Duchene Alex DeBrincat Rickard Rakell 50 1 2 2
2 Marco Rossi Nikolaj Ehlers Anthony Mantha 50 1 2 2
PowerPlay Defense
Defense Defense Time % Phy DF OF
1 Brock Faber J.J. Moser 50 1 2 2
2 Alexandre Carrier Mark Giordano 50 1 2 2
Penalty Kill 4 Players Forward
Center Wing Time % Phy DF OF
1 Michael McCarron Jordan Greenway 50 1 2 2
2 Shane Pinto Luke Kunin 50 1 2 2
Penalty Kill 4 Players Defense
Defense Defense Time % Phy DF OF
1 Brock Faber Alexandre Carrier 50 1 2 2
2 Michael Anderson J.J. Moser 50 1 2 2
Penalty Kill - 3 Players Forward
Forward Time % Phy DF OF
1 Michael McCarron 50 1 2 2
2 Shane Pinto 50 1 2 2
Penalty Kill - 3 Players Defense
Defense Defense Time % Phy DF OF
1 Brock Faber Alexandre Carrier 50 1 2 2
2 Michael Anderson J.J. Moser 50 1 2 2
4 vs 4 Forward
Center Wing Time % Phy DF OF
1 Matt Duchene Rickard Rakell 50 1 2 2
2 Shane Pinto Alex DeBrincat 50 1 2 2
4 vs 4 Defense
Defense Defense Time % Phy DF OF
1 Brock Faber J.J. Moser 50 1 2 2
2 Mark Giordano Michael Anderson 50 1 2 2
Last Minutes Offensive
Center Left Wing Right Wing Defense Defense
Matt Duchene Alex DeBrincat Rickard Rakell Brock Faber J.J. Moser
Last Minutes Defensive
Center Left Wing Right Wing Defense Defense
Shane Pinto Jordan Greenway Luke Kunin Brock Faber Alexandre Carrier
Goaltenders
Starting : Lukas Dostal
Backup : Joseph Woll
Extra Forwards
Normal : Marco Rossi, Cole Perfetti, Michael McCarron - PP : Marco Rossi, Cole Perfetti - PK : Matt Duchene
Extra Defensemen
Normal : Alexandre Carrier, Jonas Siegenthaler, Brock Faber - PP : Michael Anderson - PK : Mark Giordano, Jonas Siegenthaler
Penalty Shots
Alex DeBrincat, Rickard Rakell, Matt Duchene, Anthony Mantha, Mark Giordano
Scratches
Jakub Voracek (Healthy), Rem Pitlick (Healthy), Connor Brown (Healthy), Justin Holl (Healthy)
New York Rangers
5 vs 5 Forward
Center Left Wing Right Wing Time % Phy DF OF
1 Mikael Granlund Artemi Panarin Nathan MacKinnon 30 1 1 3
2 Dylan Strome Cole Caufield Timo Meier 30 1 1 3
3 Sean Couturier Teuvo Teravainen Conor Garland 25 1 2 2
4 David Kampf Tyler Motte Marcus Foligno 15 1 2 2
5 vs 5 Defense
Defense Defense Time % Phy DF OF
1 Jake McCabe Adam Larsson 40 1 3 1
2 Cam Fowler Jake Walman 35 1 3 1
3 John Marino Matthew Benning 25 1 3 1
4 Cam Fowler Jake McCabe 0 1 2 2
PowerPlay Forward
Center Left Wing Right Wing Time % Phy DF OF
1 Nathan MacKinnon Timo Meier Cole Caufield 60 0 1 4
2 Dylan Strome Mikael Granlund Conor Garland 40 1 1 3
PowerPlay Defense
Defense Defense Time % Phy DF OF
1 Cam Fowler Artemi Panarin 60 0 1 4
2 Teuvo Teravainen Jake Walman 40 1 1 3
Penalty Kill 4 Players Forward
Center Wing Time % Phy DF OF
1 David Kampf Tyler Motte 50 1 3 1
2 Mikael Granlund Marcus Foligno 50 1 3 1
Penalty Kill 4 Players Defense
Defense Defense Time % Phy DF OF
1 Jake Walman John Marino 50 1 3 1
2 Adam Larsson Jake McCabe 50 1 3 1
Penalty Kill - 3 Players Forward
Forward Time % Phy DF OF
1 David Kampf 50 1 3 1
2 Mikael Granlund 50 1 3 1
Penalty Kill - 3 Players Defense
Defense Defense Time % Phy DF OF
1 Jake Walman John Marino 50 1 3 1
2 Adam Larsson Cam Fowler 50 1 3 1
4 vs 4 Forward
Center Wing Time % Phy DF OF
1 Nathan MacKinnon Artemi Panarin 50 1 2 2
2 Dylan Strome Cole Caufield 50 1 2 2
4 vs 4 Defense
Defense Defense Time % Phy DF OF
1 Jake Walman Jake McCabe 50 1 2 2
2 Adam Larsson Cam Fowler 50 1 2 2
Last Minutes Offensive
Center Left Wing Right Wing Defense Defense
Nathan MacKinnon Artemi Panarin Cole Caufield Cam Fowler Jake Walman
Last Minutes Defensive
Center Left Wing Right Wing Defense Defense
David Kampf Mikael Granlund Marcus Foligno Jake Walman John Marino
Goaltenders
Starting : Igor Shesterkin
Backup : Kevin Lankinen
Extra Forwards
Normal : Cole Caufield, Artemi Panarin, Timo Meier - PP : Dylan Strome, Conor Garland - PK : Sean Couturier
Extra Defensemen
Normal : Jake Walman, John Marino, Adam Larsson - PP : John Marino - PK : Cam Fowler, Matthew Benning
Penalty Shots
Artemi Panarin, Dylan Strome, Cole Caufield, Conor Garland, Nathan MacKinnon
Scratches
None
% Time on Ice - Quebec Nordiques
Lines # - Real PCT - Wanted PCT - Time Play
Normal Forward
1 - 31% - 30% - 16:12
2 - 30% - 30% - 15:38
3 - 25% - 25% - 12:51
4 - 14% - 15% - 7:05
Normal Defense
1 - 30% - 30% - 15:40
2 - 31% - 30% - 16:04
3 - 25% - 25% - 12:50
4 - 14% - 15% - 7:12
PP Forward
1 - 59% - 50% - 1:10
2 - 41% - 50% - 0:49
PP Defense
1 - 63% - 50% - 1:15
2 - 37% - 50% - 0:44
PK Forward
1 - 56% - 50% - 3:29
2 - 44% - 50% - 2:46
PK Defense
1 - 54% - 50% - 3:23
2 - 46% - 50% - 2:52
PK3 Forward
1 - 0% - 50%
2 - 0% - 50%
PK3 Defense
1 - 0% - 50%
2 - 0% - 50%
44 Forward
1 - 0% - 50%
2 - 0% - 50%
44 Defense
1 - 0% - 50%
2 - 0% - 50%
Last Minute Offensive - 0:00
Last Minute Defensive - 0:00
Total
Forward - 60:00
Defense - 60:00
|
% Time on Ice - New York Rangers
Lines # - Real PCT - Wanted PCT - Time Play
Normal Forward
1 - 30% - 30% - 15:41
2 - 30% - 30% - 15:30
3 - 24% - 25% - 12:36
4 - 15% - 15% - 7:59
Normal Defense
1 - 41% - 40% - 21:08
2 - 34% - 35% - 17:44
3 - 24% - 25% - 12:23
4 - 1% - 0% - 0:31
PP Forward
1 - 60% - 60% - 3:46
2 - 40% - 40% - 2:29
PP Defense
1 - 69% - 60% - 4:20
2 - 31% - 40% - 1:55
PK Forward
1 - 50% - 50% - 0:59
2 - 50% - 50% - 1:00
PK Defense
1 - 63% - 50% - 1:15
2 - 37% - 50% - 0:44
PK3 Forward
1 - 0% - 50%
2 - 0% - 50%
PK3 Defense
1 - 0% - 50%
2 - 0% - 50%
44 Forward
1 - 0% - 50%
2 - 0% - 50%
44 Defense
1 - 0% - 50%
2 - 0% - 50%
Last Minute Offensive - 0:00
Last Minute Defensive - 0:00
Total
Forward - 60:00
Defense - 60:00
|
Play-by-Play
1st period
0:01 of 1st period - Mikael Granlund wins face-off versus Rickard Rakell in neutral zone.
0:25 of 1st period - Brock Faber is hit by Adam Larsson and loses puck.
0:38 of 1st period - Snap shot by Timo Meier.
0:38 of 1st period - Shot Misses the Net.
1:26 of 1st period - Icing by Cam Fowler.
1:27 of 1st period - Michael McCarron wins face-off versus David Kampf in New York Rangers zone.
1:51 of 1st period - Icing by Marcus Foligno.
1:52 of 1st period - Shane Pinto wins face-off versus Dylan Strome in New York Rangers zone.
2:41 of 1st period - Marcus Foligno is hit by Brock Faber and loses puck.
3:10 of 1st period - Snap shot by Conor Garland.
3:10 of 1st period - Stopped by Lukas Dostal with a rebound.
3:21 of 1st period - Off-side.
3:22 of 1st period - Shane Pinto wins face-off versus Dylan Strome in neutral zone.
3:25 of 1st period - Jake McCabe is hit by Mark Giordano and loses puck.
3:38 of 1st period - Snap shot by Cole Caufield.
3:38 of 1st period - Stopped by Lukas Dostal without a rebound.
3:39 of 1st period - Marco Rossi wins face-off versus Mikael Granlund in Quebec Nordiques zone.
3:39 of 1st period - Marco Rossi is hit by Mikael Granlund.
3:53 of 1st period - Slapshot by Artemi Panarin.
3:53 of 1st period - Stopped by Lukas Dostal with a rebound.
4:07 of 1st period - Snap shot by Dylan Strome.
4:07 of 1st period - Stopped by Lukas Dostal without a rebound.
4:08 of 1st period - Dylan Strome wins face-off versus Matt Duchene in Quebec Nordiques zone.
4:09 of 1st period - Slapshot by Timo Meier.
4:09 of 1st period - Shot Misses the Net.
4:52 of 1st period - Slapshot by Dylan Strome.
4:52 of 1st period - Shot Misses the Net.
4:54 of 1st period - Slapshot by Matthew Benning.
4:54 of 1st period - Deflect By Nikolaj Ehlers.
4:54 of 1st period - Stopped by Lukas Dostal without a rebound.
4:55 of 1st period - Shane Pinto wins face-off versus Artemi Panarin in Quebec Nordiques zone.
5:07 of 1st period - Snap shot by Artemi Panarin.
5:07 of 1st period - Deflect By Mikael Granlund.
5:07 of 1st period - Stopped by Lukas Dostal with a rebound.
5:12 of 1st period - Off-side.
5:13 of 1st period - Sean Couturier wins face-off versus Marco Rossi in neutral zone.
6:11 of 1st period - Adam Larsson is hit by J.J. Moser and loses puck.
6:22 of 1st period - Tyler Motte is hit by Rickard Rakell and loses puck.
6:31 of 1st period - Wrist shot by Marcus Foligno.
6:31 of 1st period - Shot Blocked by Brock Faber.
8:05 of 1st period - Snap shot by Shane Pinto.
8:05 of 1st period - Shot Blocked by Artemi Panarin.
8:07 of 1st period - Snap shot by Alexandre Carrier.
8:07 of 1st period - Shot Blocked by Jake McCabe.
8:09 of 1st period - Slapshot by Jonas Siegenthaler.
8:09 of 1st period - Deflect By Alex DeBrincat.
8:09 of 1st period - Shot Misses the Net.
8:09 of 1st period - Puck is out of play.
8:10 of 1st period - Teuvo Teravainen wins face-off versus Marco Rossi in New York Rangers zone.
8:10 of 1st period - Teuvo Teravainen is hit by Cole Perfetti.
8:18 of 1st period - Snap shot by Cole Perfetti.
8:18 of 1st period - Shot Blocked by Jake Walman.
8:36 of 1st period - Mark Giordano is hit by Mikael Granlund and loses puck.
9:00 of 1st period - Matthew Benning is hit by Mark Giordano and loses puck.
9:11 of 1st period - Slapshot by Cole Caufield.
9:11 of 1st period - Shot Misses the Net.
10:01 of 1st period - Off-side.
10:02 of 1st period - Nathan MacKinnon wins face-off versus Matt Duchene in neutral zone.
10:29 of 1st period - Jake Walman is hit by Anthony Mantha.
10:39 of 1st period - Snap shot by Dylan Strome.
10:39 of 1st period - Stopped by Lukas Dostal without a rebound.
10:40 of 1st period - Marco Rossi wins face-off versus Artemi Panarin in Quebec Nordiques zone.
10:58 of 1st period - Minor Penalty to Brock Faber for Interference.
10:59 of 1st period - Nathan MacKinnon wins face-off versus Michael McCarron in Quebec Nordiques zone.
11:03 of 1st period - Slapshot by Cole Caufield.
11:03 of 1st period - Shot Misses the Net.
11:25 of 1st period - Jordan Greenway is hit by Mikael Granlund and loses puck.
12:58 of 1st period - Penalty to Brock Faber is over, Brock Faber is back on ice.
13:03 of 1st period - Wrist shot by Marcus Foligno.
13:03 of 1st period - Shot Misses the Net.
13:05 of 1st period - Snap shot by David Kampf.
13:05 of 1st period - Stopped by Lukas Dostal with a rebound.
13:07 of 1st period - Wrist shot by Tyler Motte.
13:07 of 1st period - Shot Blocked by Michael McCarron.
13:09 of 1st period - Wrist shot by David Kampf.
13:09 of 1st period - Stopped by Lukas Dostal with a rebound.
13:43 of 1st period - Wrist shot by Rickard Rakell.
13:43 of 1st period - Shot Blocked by Teuvo Teravainen.
13:45 of 1st period - Slapshot by Mark Giordano.
13:45 of 1st period - Deflect By Sean Couturier.
13:45 of 1st period - Stopped by Igor Shesterkin with a rebound.
13:49 of 1st period - Snap shot by Nikolaj Ehlers.
13:49 of 1st period - Shot Misses the Net.
13:51 of 1st period - Wrist shot by Rickard Rakell.
13:51 of 1st period - Goal by Rickard Rakell - Quebec Nordiques : 1 - New York Rangers : 0.
13:52 of 1st period - Shane Pinto wins face-off versus Mikael Granlund in neutral zone.
14:01 of 1st period - Snap shot by Alex DeBrincat.
14:01 of 1st period - Stopped by Igor Shesterkin with a rebound.
14:43 of 1st period - Snap shot by Rickard Rakell.
14:43 of 1st period - Stopped by Igor Shesterkin without a rebound.
14:44 of 1st period - Sean Couturier wins face-off versus Marco Rossi in New York Rangers zone.
15:06 of 1st period - Snap shot by Conor Garland.
15:06 of 1st period - Stopped by Lukas Dostal without a rebound.
15:07 of 1st period - Shane Pinto wins face-off versus Dylan Strome in Quebec Nordiques zone.
15:20 of 1st period - Wrist shot by Anthony Mantha.
15:20 of 1st period - Stopped by Igor Shesterkin with a rebound.
16:04 of 1st period - Slapshot by Matt Duchene.
16:04 of 1st period - Shot Blocked by Adam Larsson.
16:23 of 1st period - Slapshot by David Kampf.
16:23 of 1st period - Shot Misses the Net.
16:30 of 1st period - Icing by Jonas Siegenthaler.
16:31 of 1st period - Shane Pinto wins face-off versus Dylan Strome in Quebec Nordiques zone.
17:10 of 1st period - Snap shot by Shane Pinto.
17:10 of 1st period - Deflect By Anthony Mantha.
17:10 of 1st period - Shot Misses the Net.
17:10 of 1st period - Puck is out of play.
17:11 of 1st period - Sean Couturier wins face-off versus Nikolaj Ehlers in New York Rangers zone.
17:18 of 1st period - Conor Garland is hit by Nikolaj Ehlers and loses puck.
17:37 of 1st period - J.J. Moser is hit by Nathan MacKinnon and loses puck.
17:42 of 1st period - Snap shot by Nathan MacKinnon.
17:42 of 1st period - Deflect By Mikael Granlund.
17:42 of 1st period - Shot Misses the Net.
17:42 of 1st period - Puck is out of play.
17:43 of 1st period - Dylan Strome wins face-off versus Alex DeBrincat in Quebec Nordiques zone.
17:46 of 1st period - Slapshot by Cole Caufield.
17:46 of 1st period - Stopped by Lukas Dostal without a rebound.
17:47 of 1st period - Dylan Strome wins face-off versus Anthony Mantha in Quebec Nordiques zone.
17:54 of 1st period - Wrist shot by Timo Meier.
17:54 of 1st period - Goal by Timo Meier - Quebec Nordiques : 1 - New York Rangers : 1.
17:55 of 1st period - Shane Pinto wins face-off versus Mikael Granlund in neutral zone.
18:07 of 1st period - Cam Fowler is hit by J.J. Moser and loses puck.
18:20 of 1st period - Brock Faber is hit by Dylan Strome and loses puck.
18:52 of 1st period - Jake McCabe is hit by Mark Giordano and loses puck.
19:24 of 1st period - Off-side.
19:25 of 1st period - Shane Pinto wins face-off versus Mikael Granlund in neutral zone.
19:27 of 1st period - Minor Penalty to J.J. Moser for Hooking.
19:28 of 1st period - Nathan MacKinnon wins face-off versus Shane Pinto in Quebec Nordiques zone.
19:30 of 1st period - Wrist shot by Nathan MacKinnon.
19:30 of 1st period - Deflect By Cole Caufield.
19:30 of 1st period - Stopped by Lukas Dostal without a rebound.
19:31 of 1st period - Shane Pinto wins face-off versus Cole Caufield in Quebec Nordiques zone.
Goals for this period are 1 for Quebec Nordiques vs 1 for New York Rangers.
Shots for this period are 5 for Quebec Nordiques vs 13 for New York Rangers.
2nd period
0:01 of 2nd period - Shane Pinto wins face-off versus Nathan MacKinnon in neutral zone.
0:15 of 2nd period - Jordan Greenway is hit by Nathan MacKinnon.
0:51 of 2nd period - Mark Giordano is hit by Cole Caufield and loses puck.
1:27 of 2nd period - Penalty to J.J. Moser is over, J.J. Moser is back on ice.
1:36 of 2nd period - Artemi Panarin is hit by Marco Rossi and loses puck.
2:18 of 2nd period - Anthony Mantha is hit by Cole Caufield.
2:40 of 2nd period - Snap shot by Jordan Greenway.
2:40 of 2nd period - Stopped by Igor Shesterkin with a rebound.
2:42 of 2nd period - Snap shot by Luke Kunin.
2:42 of 2nd period - Stopped by Igor Shesterkin without a rebound.
2:43 of 2nd period - Michael McCarron wins face-off versus Timo Meier in New York Rangers zone.
3:28 of 2nd period - Slapshot by Cole Perfetti.
3:28 of 2nd period - Deflect By Marco Rossi.
3:28 of 2nd period - Shot Blocked by Nathan MacKinnon.
3:28 of 2nd period - Puck is out of play.
3:29 of 2nd period - Mikael Granlund wins face-off versus Marco Rossi in New York Rangers zone.
3:31 of 2nd period - Icing by Nathan MacKinnon.
3:32 of 2nd period - Mikael Granlund wins face-off versus Shane Pinto in New York Rangers zone.
3:37 of 2nd period - Wrist shot by Nathan MacKinnon.
3:37 of 2nd period - Shot Misses the Net.
3:39 of 2nd period - Slapshot by Cam Fowler.
3:39 of 2nd period - Stopped by Lukas Dostal with a rebound.
3:41 of 2nd period - Slapshot by Cam Fowler.
3:41 of 2nd period - Shot Misses the Net.
4:48 of 2nd period - Snap shot by Nathan MacKinnon.
4:48 of 2nd period - Stopped by Lukas Dostal with a rebound.
5:06 of 2nd period - Artemi Panarin is hit by Michael Anderson.
6:32 of 2nd period - Snap shot by Nikolaj Ehlers.
6:32 of 2nd period - Stopped by Igor Shesterkin without a rebound.
6:33 of 2nd period - Dylan Strome wins face-off versus Shane Pinto in New York Rangers zone.
6:58 of 2nd period - Cole Perfetti is hit by Jake McCabe and loses puck.
7:44 of 2nd period - Alexandre Carrier is hit by Jake McCabe and loses puck.
7:55 of 2nd period - Jonas Siegenthaler is hit by Timo Meier and loses puck.
8:16 of 2nd period - Slapshot by Shane Pinto.
8:16 of 2nd period - Shot Misses the Net.
8:39 of 2nd period - Luke Kunin is hit by Teuvo Teravainen.
8:43 of 2nd period - Luke Kunin is hit by Adam Larsson and loses puck.
9:05 of 2nd period - Adam Larsson is hit by Marco Rossi and loses puck.
9:10 of 2nd period - Wrist shot by Cole Perfetti.
9:10 of 2nd period - Stopped by Igor Shesterkin with a rebound.
9:12 of 2nd period - Slapshot by Jordan Greenway.
9:12 of 2nd period - Stopped by Igor Shesterkin with a rebound.
9:38 of 2nd period - Jordan Greenway is hit by Sean Couturier and loses puck.
11:23 of 2nd period - Icing by Dylan Strome.
11:24 of 2nd period - Dylan Strome wins face-off versus Matt Duchene in New York Rangers zone.
11:49 of 2nd period - Cam Fowler is hit by Alexandre Carrier and loses puck.
12:06 of 2nd period - Nathan MacKinnon is hit by Jonatan Berggren.
12:18 of 2nd period - John Marino is hit by Michael Anderson and loses puck.
12:28 of 2nd period - Icing by Matthew Benning.
12:29 of 2nd period - Michael McCarron wins face-off versus Sean Couturier in New York Rangers zone.
13:11 of 2nd period - Icing by Mikael Granlund.
13:12 of 2nd period - Mikael Granlund wins face-off versus Marco Rossi in New York Rangers zone.
13:24 of 2nd period - Icing by Marco Rossi.
13:25 of 2nd period - Dylan Strome wins face-off versus Marco Rossi in Quebec Nordiques zone.
13:39 of 2nd period - Off-side.
13:40 of 2nd period - Mikael Granlund wins face-off versus Shane Pinto in neutral zone.
14:34 of 2nd period - Snap shot by Sean Couturier.
14:34 of 2nd period - Shot Misses the Net.
14:36 of 2nd period - Slapshot by Jake Walman.
14:36 of 2nd period - Deflect By Jonatan Berggren.
14:36 of 2nd period - Stopped by Lukas Dostal with a rebound.
14:38 of 2nd period - Slapshot by Teuvo Teravainen.
14:38 of 2nd period - Stopped by Lukas Dostal without a rebound.
14:39 of 2nd period - Dylan Strome wins face-off versus Anthony Mantha in Quebec Nordiques zone.
15:12 of 2nd period - Snap shot by Dylan Strome.
15:12 of 2nd period - Deflect By Cole Caufield.
15:12 of 2nd period - Goal by Cole Caufield - Quebec Nordiques : 1 - New York Rangers : 2.
15:13 of 2nd period - Mikael Granlund wins face-off versus Shane Pinto in neutral zone.
16:03 of 2nd period - Snap shot by Jonatan Berggren.
16:03 of 2nd period - Stopped by Igor Shesterkin with a rebound.
16:05 of 2nd period - Snap shot by Jonas Siegenthaler.
16:05 of 2nd period - Stopped by Igor Shesterkin with a rebound.
16:07 of 2nd period - Slapshot by Marco Rossi.
16:07 of 2nd period - Shot Misses the Net.
16:29 of 2nd period - Icing by Jordan Greenway.
16:30 of 2nd period - Dylan Strome wins face-off versus Michael McCarron in Quebec Nordiques zone.
16:31 of 2nd period - Snap shot by Cole Caufield.
16:31 of 2nd period - Shot Misses the Net.
16:33 of 2nd period - Wrist shot by Cole Caufield.
16:33 of 2nd period - Shot Blocked by J.J. Moser.
16:35 of 2nd period - Wrist shot by Cole Caufield.
16:35 of 2nd period - Shot Blocked by Brock Faber.
16:37 of 2nd period - Slapshot by Matthew Benning.
16:37 of 2nd period - Stopped by Lukas Dostal without a rebound.
16:38 of 2nd period - Shane Pinto wins face-off versus Dylan Strome in Quebec Nordiques zone.
17:05 of 2nd period - Snap shot by Artemi Panarin.
17:05 of 2nd period - Shot Misses the Net.
17:07 of 2nd period - Snap shot by Artemi Panarin.
17:07 of 2nd period - New York Rangers goal is going for a video replay.
17:07 of 2nd period - The goal is good.
17:07 of 2nd period - Goal by Artemi Panarin - Quebec Nordiques : 1 - New York Rangers : 3.
17:08 of 2nd period - Shane Pinto wins face-off versus Dylan Strome in neutral zone.
17:23 of 2nd period - Alex DeBrincat is hit by Timo Meier and loses puck.
17:34 of 2nd period - Jake McCabe is hit by Brock Faber and loses puck.
19:16 of 2nd period - Wrist shot by Timo Meier.
19:16 of 2nd period - Stopped by Lukas Dostal without a rebound.
19:17 of 2nd period - Matt Duchene wins face-off versus Mikael Granlund in Quebec Nordiques zone.
19:28 of 2nd period - Snap shot by Matt Duchene.
19:28 of 2nd period - Stopped by Igor Shesterkin with a rebound.
19:30 of 2nd period - Wrist shot by Nikolaj Ehlers.
19:30 of 2nd period - Deflect By Cam Fowler.
19:30 of 2nd period - Shot Misses the Net.
19:30 of 2nd period - Puck is out of play.
19:31 of 2nd period - Marco Rossi wins face-off versus Nathan MacKinnon in New York Rangers zone.
19:32 of 2nd period - Snap shot by Cole Perfetti.
19:32 of 2nd period - Shot Misses the Net.
19:34 of 2nd period - Wrist shot by Cole Perfetti.
19:34 of 2nd period - Stopped by Igor Shesterkin with a rebound.
19:36 of 2nd period - Slapshot by Brock Faber.
19:36 of 2nd period - Stopped by Igor Shesterkin with a rebound.
19:38 of 2nd period - Snap shot by Jonatan Berggren.
19:38 of 2nd period - Shot Blocked by Jake Walman.
19:40 of 2nd period - Backhand shot by Marco Rossi.
19:40 of 2nd period - Goal by Marco Rossi - Quebec Nordiques : 2 - New York Rangers : 3.
19:41 of 2nd period - Dylan Strome wins face-off versus Matt Duchene in neutral zone.
19:54 of 2nd period - Snap shot by Timo Meier.
19:54 of 2nd period - Shot Misses the Net.
19:56 of 2nd period - Backhand shot by Cole Caufield.
19:56 of 2nd period - Shot Blocked by J.J. Moser.
19:58 of 2nd period - Wrist shot by Cole Caufield.
19:58 of 2nd period - Shot Misses the Net.
Goals for this period are 1 for Quebec Nordiques vs 2 for New York Rangers.
Shots for this period are 11 for Quebec Nordiques vs 8 for New York Rangers.
3rd period
0:01 of 3rd period - Mikael Granlund wins face-off versus Shane Pinto in neutral zone.
1:16 of 3rd period - Snap shot by Jordan Greenway.
1:16 of 3rd period - Stopped by Igor Shesterkin with a rebound.
2:13 of 3rd period - Nathan MacKinnon is hit by Rickard Rakell and loses puck.
2:20 of 3rd period - Jonas Siegenthaler is hit by Artemi Panarin and loses puck.
2:50 of 3rd period - Rickard Rakell is hit by Jake McCabe and loses puck.
2:59 of 3rd period - Wrist shot by Artemi Panarin.
2:59 of 3rd period - Shot Misses the Net.
3:01 of 3rd period - Wrist shot by Nathan MacKinnon.
3:01 of 3rd period - Goal by Nathan MacKinnon - Quebec Nordiques : 2 - New York Rangers : 4.
3:02 of 3rd period - Sean Couturier wins face-off versus Anthony Mantha in neutral zone.
3:05 of 3rd period - Alex DeBrincat is hit by Teuvo Teravainen and loses puck.
3:16 of 3rd period - Backhand shot by Brock Faber.
3:16 of 3rd period - Stopped by Igor Shesterkin with a rebound.
3:18 of 3rd period - Snap shot by Anthony Mantha.
3:18 of 3rd period - Shot Misses the Net.
3:39 of 3rd period - Slapshot by Dylan Strome.
3:39 of 3rd period - Stopped by Lukas Dostal without a rebound.
3:40 of 3rd period - David Kampf wins face-off versus Alex DeBrincat in Quebec Nordiques zone.
3:43 of 3rd period - Slapshot by David Kampf.
3:43 of 3rd period - Shot Blocked by Michael Anderson.
3:53 of 3rd period - Snap shot by David Kampf.
3:53 of 3rd period - Shot Blocked by Anthony Mantha.
4:10 of 3rd period - Marco Rossi is hit by Jake McCabe.
5:12 of 3rd period - Shane Pinto is hit by Jake Walman and loses puck.
5:38 of 3rd period - Slapshot by Dylan Strome.
5:38 of 3rd period - Shot Misses the Net.
5:44 of 3rd period - Snap shot by Cole Perfetti.
5:44 of 3rd period - Shot Misses the Net.
6:20 of 3rd period - Snap shot by Mikael Granlund.
6:20 of 3rd period - Shot Misses the Net.
6:22 of 3rd period - Slapshot by Matthew Benning.
6:22 of 3rd period - Shot Blocked by Alexandre Carrier.
6:24 of 3rd period - Wrist shot by Matthew Benning.
6:24 of 3rd period - Stopped by Lukas Dostal without a rebound.
6:25 of 3rd period - Shane Pinto wins face-off versus Dylan Strome in Quebec Nordiques zone.
6:32 of 3rd period - Wrist shot by Shane Pinto.
6:32 of 3rd period - Stopped by Igor Shesterkin without a rebound.
6:33 of 3rd period - Dylan Strome wins face-off versus Shane Pinto in New York Rangers zone.
6:33 of 3rd period - Dylan Strome is hit by Alex DeBrincat.
6:59 of 3rd period - Snap shot by Alex DeBrincat.
6:59 of 3rd period - Shot Blocked by Dylan Strome.
7:01 of 3rd period - Wrist shot by Shane Pinto.
7:01 of 3rd period - Shot Blocked by Adam Larsson.
7:03 of 3rd period - Slapshot by J.J. Moser.
7:03 of 3rd period - Stopped by Igor Shesterkin without a rebound.
7:04 of 3rd period - Sean Couturier wins face-off versus Marco Rossi in New York Rangers zone.
7:11 of 3rd period - Michael Anderson is hit by Conor Garland and loses puck.
7:21 of 3rd period - Off-side.
7:22 of 3rd period - Timo Meier wins face-off versus Shane Pinto in neutral zone.
7:48 of 3rd period - Sean Couturier is hit by J.J. Moser and loses puck.
7:53 of 3rd period - Slapshot by Marco Rossi.
7:53 of 3rd period - Shot Blocked by Jake McCabe.
7:55 of 3rd period - Snap shot by Jonatan Berggren.
7:55 of 3rd period - Shot Misses the Net.
7:57 of 3rd period - Snap shot by Jonatan Berggren.
7:57 of 3rd period - Shot Misses the Net.
8:03 of 3rd period - Minor Penalty to Conor Garland for Tripping.
8:04 of 3rd period - Matt Duchene wins face-off versus David Kampf in New York Rangers zone.
8:07 of 3rd period - Snap shot by Rickard Rakell.
8:07 of 3rd period - Shot Blocked by Jake Walman.
8:09 of 3rd period - Slapshot by Brock Faber.
8:09 of 3rd period - Deflect By Alex DeBrincat.
8:09 of 3rd period - Stopped by Igor Shesterkin without a rebound.
8:10 of 3rd period - Matt Duchene wins face-off versus David Kampf in New York Rangers zone.
8:35 of 3rd period - Slapshot by Nikolaj Ehlers.
8:35 of 3rd period - Shot Misses the Net.
8:37 of 3rd period - Slapshot by Brock Faber.
8:37 of 3rd period - Shot Misses the Net.
8:39 of 3rd period - Slapshot by J.J. Moser.
8:39 of 3rd period - Shot Blocked by Marcus Foligno.
8:41 of 3rd period - Slapshot by J.J. Moser.
8:41 of 3rd period - Deflect By Nikolaj Ehlers.
8:41 of 3rd period - Shot Misses the Net.
8:41 of 3rd period - Puck is out of play.
8:42 of 3rd period - Mikael Granlund wins face-off versus Marco Rossi in New York Rangers zone.
8:55 of 3rd period - Slapshot by Nikolaj Ehlers.
8:55 of 3rd period - Shot Misses the Net.
8:57 of 3rd period - Slapshot by Alexandre Carrier.
8:57 of 3rd period - Shot Blocked by David Kampf.
9:11 of 3rd period - Slapshot by Marcus Foligno.
9:11 of 3rd period - Deflect By Alex DeBrincat.
9:11 of 3rd period - Shot Misses the Net.
9:11 of 3rd period - Puck is out of play.
9:12 of 3rd period - Mikael Granlund wins face-off versus Matt Duchene in Quebec Nordiques zone.
9:44 of 3rd period - Wrist shot by Nikolaj Ehlers.
9:44 of 3rd period - Shot Misses the Net.
9:46 of 3rd period - Snap shot by J.J. Moser.
9:46 of 3rd period - Shot Misses the Net.
9:48 of 3rd period - Wrist shot by J.J. Moser.
9:48 of 3rd period - Deflect By Nikolaj Ehlers.
9:48 of 3rd period - Shot Misses the Net.
9:48 of 3rd period - Puck is out of play.
9:49 of 3rd period - Matt Duchene wins face-off versus Mikael Granlund in New York Rangers zone.
9:56 of 3rd period - Wrist shot by Alex DeBrincat.
9:56 of 3rd period - Stopped by Igor Shesterkin without a rebound.
9:57 of 3rd period - Matt Duchene wins face-off versus Mikael Granlund in New York Rangers zone.
10:02 of 3rd period - Snap shot by Matt Duchene.
10:02 of 3rd period - Stopped by Igor Shesterkin without a rebound.
10:03 of 3rd period - Penalty to Conor Garland is over, Conor Garland is back on ice.
10:03 of 3rd period - Matt Duchene wins face-off versus Mikael Granlund in New York Rangers zone.
10:32 of 3rd period - Icing by Cole Caufield.
10:33 of 3rd period - Shane Pinto wins face-off versus Dylan Strome in New York Rangers zone.
10:44 of 3rd period - Snap shot by Alex DeBrincat.
10:44 of 3rd period - Shot Blocked by Jake McCabe.
10:48 of 3rd period - Wrist shot by Alex DeBrincat.
10:48 of 3rd period - Stopped by Igor Shesterkin without a rebound.
10:49 of 3rd period - Sean Couturier wins face-off versus Marco Rossi in New York Rangers zone.
10:58 of 3rd period - Slapshot by Cam Fowler.
10:58 of 3rd period - Stopped by Lukas Dostal with a rebound.
11:04 of 3rd period - Wrist shot by Cole Perfetti.
11:04 of 3rd period - Shot Blocked by Cam Fowler.
12:03 of 3rd period - Snap shot by Alex DeBrincat.
12:03 of 3rd period - Stopped by Igor Shesterkin without a rebound.
12:04 of 3rd period - Matt Duchene wins face-off versus Tyler Motte in New York Rangers zone.
12:11 of 3rd period - Slapshot by Nikolaj Ehlers.
12:11 of 3rd period - Deflect By Marcus Foligno.
12:11 of 3rd period - Shot Misses the Net.
12:11 of 3rd period - Puck is out of play.
12:12 of 3rd period - Sean Couturier wins face-off versus Matt Duchene in New York Rangers zone.
12:12 of 3rd period - Sean Couturier is hit by Nikolaj Ehlers.
12:51 of 3rd period - Off-side.
12:52 of 3rd period - Marco Rossi wins face-off versus Cole Caufield in neutral zone.
13:03 of 3rd period - Slapshot by Dylan Strome.
13:03 of 3rd period - Deflect By Brock Faber.
13:03 of 3rd period - Shot Blocked by Marco Rossi.
13:03 of 3rd period - Puck is out of play.
13:04 of 3rd period - Sean Couturier wins face-off versus Marco Rossi in Quebec Nordiques zone.
13:05 of 3rd period - Snap shot by Conor Garland.
13:05 of 3rd period - Shot Blocked by Cole Perfetti.
13:17 of 3rd period - Snap shot by Teuvo Teravainen.
13:17 of 3rd period - Shot Misses the Net.
13:19 of 3rd period - Backhand shot by Teuvo Teravainen.
13:19 of 3rd period - Deflect By Cole Perfetti.
13:19 of 3rd period - Shot Misses the Net.
13:19 of 3rd period - Puck is out of play.
13:20 of 3rd period - Mikael Granlund wins face-off versus Shane Pinto in Quebec Nordiques zone.
13:23 of 3rd period - Slapshot by Artemi Panarin.
13:23 of 3rd period - Stopped by Lukas Dostal with a rebound.
13:35 of 3rd period - Snap shot by Alex DeBrincat.
13:35 of 3rd period - Shot Misses the Net.
13:45 of 3rd period - Mark Giordano is hit by Adam Larsson.
13:54 of 3rd period - Snap shot by Nikolaj Ehlers.
13:54 of 3rd period - Stopped by Igor Shesterkin without a rebound.
13:55 of 3rd period - Sean Couturier wins face-off versus Marco Rossi in New York Rangers zone.
13:55 of 3rd period - Sean Couturier is hit by Marco Rossi.
14:05 of 3rd period - Slapshot by Cole Perfetti.
14:05 of 3rd period - Deflect By Conor Garland.
14:05 of 3rd period - Shot Misses the Net.
14:05 of 3rd period - Puck is out of play.
14:06 of 3rd period - Shane Pinto wins face-off versus Mikael Granlund in New York Rangers zone.
14:11 of 3rd period - Slapshot by Shane Pinto.
14:11 of 3rd period - Stopped by Igor Shesterkin with a rebound.
14:29 of 3rd period - Minor Penalty to Alex DeBrincat for Hooking.
14:30 of 3rd period - Shane Pinto wins face-off versus Nathan MacKinnon in Quebec Nordiques zone.
14:41 of 3rd period - Snap shot by Nathan MacKinnon.
14:41 of 3rd period - Shot Misses the Net.
14:47 of 3rd period - Snap shot by Nathan MacKinnon.
14:47 of 3rd period - Goal by Nathan MacKinnon - Quebec Nordiques : 2 - New York Rangers : 5.
14:48 of 3rd period - Matt Duchene wins face-off versus Dylan Strome in neutral zone.
15:19 of 3rd period - Wrist shot by Nathan MacKinnon.
15:19 of 3rd period - Shot Misses the Net.
15:21 of 3rd period - Snap shot by Artemi Panarin.
15:21 of 3rd period - Shot Misses the Net.
15:23 of 3rd period - Snap shot by Jake Walman.
15:23 of 3rd period - Deflect By Matt Duchene.
15:23 of 3rd period - Stopped by Lukas Dostal without a rebound.
15:24 of 3rd period - Sean Couturier wins face-off versus Marco Rossi in Quebec Nordiques zone.
15:31 of 3rd period - Wrist shot by Cole Perfetti.
15:31 of 3rd period - Stopped by Igor Shesterkin with a rebound.
16:08 of 3rd period - Snap shot by Cole Caufield.
16:08 of 3rd period - Stopped by Lukas Dostal without a rebound.
16:09 of 3rd period - Matt Duchene wins face-off versus Mikael Granlund in Quebec Nordiques zone.
16:18 of 3rd period - Snap shot by Nathan MacKinnon.
16:18 of 3rd period - Deflect By Mikael Granlund.
16:18 of 3rd period - Stopped by Lukas Dostal without a rebound.
16:19 of 3rd period - Mikael Granlund wins face-off versus Matt Duchene in Quebec Nordiques zone.
16:39 of 3rd period - Minor Penalty to Alexandre Carrier for Delaying the game.
16:40 of 3rd period - Shane Pinto wins face-off versus Nathan MacKinnon in Quebec Nordiques zone.
16:40 of 3rd period - Shane Pinto is hit by Cole Caufield.
16:49 of 3rd period - Slapshot by Artemi Panarin.
16:49 of 3rd period - Shot Blocked by Michael McCarron.
16:55 of 3rd period - Wrist shot by Cole Caufield.
16:55 of 3rd period - Stopped by Lukas Dostal with a rebound.
18:07 of 3rd period - Icing by Timo Meier.
18:08 of 3rd period - Shane Pinto wins face-off versus Nathan MacKinnon in New York Rangers zone.
18:17 of 3rd period - Brock Faber is hit by Mikael Granlund and loses puck.
18:39 of 3rd period - Penalty to Alexandre Carrier is over, Alexandre Carrier is back on ice.
18:42 of 3rd period - Snap shot by Luke Kunin.
18:42 of 3rd period - Stopped by Igor Shesterkin without a rebound.
18:43 of 3rd period - Marco Rossi wins face-off versus David Kampf in New York Rangers zone.
18:48 of 3rd period - Snap shot by Marco Rossi.
18:48 of 3rd period - Stopped by Igor Shesterkin without a rebound.
18:49 of 3rd period - Marco Rossi wins face-off versus Tyler Motte in New York Rangers zone.
19:00 of 3rd period - Wrist shot by Cole Perfetti.
19:00 of 3rd period - Stopped by Igor Shesterkin with a rebound.
19:02 of 3rd period - Snap shot by Michael Anderson.
19:02 of 3rd period - Shot Misses the Net.
19:04 of 3rd period - Slapshot by Michael Anderson.
19:04 of 3rd period - Stopped by Igor Shesterkin with a rebound.
19:33 of 3rd period - Rickard Rakell is hit by Adam Larsson and loses puck.
Goals for this period are 0 for Quebec Nordiques vs 2 for New York Rangers.
Shots for this period are 16 for Quebec Nordiques vs 10 for New York Rangers.
Back to the Top